 Dungeon Crawl Stone Soup version 0.28-a0-751-gef3a642a4e (webtiles) character file.

Game seed: 7207319220123215821

6121 Astera the Magician (level 10, -12/76 HPs)
             Began as a Gnoll Wanderer on Oct 30, 2021.
             Was an Initiate of Nemelex Xobeh.
             Mangled by an orc warrior (17 damage)
             ... on level 10 of the Dungeon.
             The game lasted 01:38:12 (18838 turns).

Astera the Magician (Gnoll Wanderer)               Turns: 18838, Time: 01:38:13

Health: -12/76     AC:  7    Str: 11    XL:     10   Next: 89%
Magic:  7/7        EV: 15    Int: 15    God:    Nemelex Xobeh [......]
Gold:   413        SH:  5    Dex: 15    Spells: 12/24 levels left

rFire   . . .      SeeInvis .   P - +4 demon blade of Poverty {antimagic, Fly Dex+3}
rCold   . . .      Faith    .   y - +0 buckler
rNeg    . . .      Spirit   .   f - +0 leather armour
rPois   .          Reflect  .   w - +0 helmet
rElec   .          Harm     .   a - +0 cloak
rCorr   .          Rampage  .   (no gloves)
Will    .....                   A - +0 pair of boots
Stlth   +++.......              n - amulet of magic regeneration
HPRegen 0.22/turn               (no ring)
MPRegen 0.35/turn               (no ring)

@: flying
A: fangs 1, strong nose, distributed training
a: Renounce Religion, Draw Escape, Draw Destruction, Draw Summoning


You were on level 10 of the Dungeon.
You worshipped Nemelex Xobeh.
Nemelex Xobeh was noncommittal.
You visited 2 branches of the dungeon, and saw 11 of its levels.
You also visited: Ossuary and Bailey.

You collected 993 gold pieces.
You spent 580 gold pieces at shops.

Inventory:

Hand Weapons
 b - a +2 dagger of venom
 d - a +1 whip of holy wrath
 I - a +3 dagger of electrocution
 K - a +1 antimagic whip
 O - a +2 scythe of venom
 P - the +4 demon blade of Poverty (weapon) {antimagic, Fly Dex+3}
   (You bought it in a shop on level 6 of the Dungeon)

   It reduces the magical energy of the wielder, and disrupts the spells and
   magical abilities of those it strikes.
   Natural abilities and divine invocations are not affected.
   Dex:       It affects your dexterity (+3).
   Fly:       It grants you flight.
Missiles
 i - 47 boomerangs
Armour
 a - a +0 cloak (worn)
 f - a +0 leather armour (worn)
 w - a +0 helmet (worn)
 y - a +0 buckler (worn)
 A - a +0 pair of boots (worn)
Magical Staves
 o - a staff of air
Jewellery
 j - a ring of ice
 l - a ring of fire
 n - an amulet of magic regeneration (around neck)
Wands
 e - a wand of iceblast (11)
 G - a wand of digging (14)
 J - a wand of flame (12)
Scrolls
 c - 5 scrolls of teleportation
 h - a scroll of blinking {unknown}
 k - a scroll of noise {unknown}
 m - a scroll of magic mapping
 s - a scroll of fear
 x - a scroll of holy word {unknown}
 z - a scroll of enchant armour {unknown}
 D - a scroll of vulnerability {unknown}
 E - a scroll of amnesia {unknown}
 F - a scroll of summoning {unknown}
Potions
 g - 3 potions of heal wounds
 p - a potion of ambrosia
 q - 2 potions of lignification
 r - 3 potions of curing
 t - a potion of invisibility
 u - 2 potions of magic {unknown}
 v - 3 potions of attraction
 B - 2 potions of brilliance
 C - a potion of degeneration {unknown}
 L - a potion of flight
Miscellaneous
 M - a box of beasts
 N - a lightning rod (4/4)


   Skills:
 + Level 5.7 Fighting
 + Level 5.7 Short Blades
 + Level 5.7 Long Blades
 + Level 5.7 Axes
 + Level 5.7 Maces & Flails
 + Level 5.7 Polearms
 + Level 5.7 Staves
 + Level 5.7 Slings
 + Level 5.7 Bows
 + Level 5.7 Crossbows
 + Level 6.3 Throwing
 + Level 5.7 Armour
 + Level 7.4 Dodging
 + Level 7.1 Stealth
 + Level 5.7 Shields
 + Level 5.7 Unarmed Combat
 + Level 7.7 Spellcasting
 + Level 6.1 Conjurations
 + Level 4.7 Hexes
 + Level 5.2 Summonings
 + Level 4.7 Necromancy
 + Level 4.7 Translocations
 + Level 4.7 Transmutations
 + Level 4.7 Fire Magic
 + Level 4.7 Ice Magic
 + Level 4.7 Air Magic
 + Level 4.7 Earth Magic
 + Level 4.7 Poison Magic
 + Level 6.2 Invocations
 + Level 5.7 Evocations


You had 12 spell levels left.
You knew the following spells:

 Your Spells              Type           Power      Damage    Failure   Level
a - Magic Dart            Conj           96%        1d7       1%          1
b - Summon Small Mammal   Summ           84%        N/A       1%          1
c - Blink                 Tloc           38%        N/A       3%          2
d - Call Imp              Summ           21%        N/A       2%          2
e - Static Discharge      Conj/Air       22%        N/A       2%          2
f - Summon Lightning Spi  Summ/Air       20%        N/A       21%         4

Your spell library contained the following spells:

 Spells                   Type           Power      Damage    Failure   Level
 Conjure Flame            Conj/Fire      22%        6-21      4%          3
 Call Canine Familiar     Summ           21%        N/A       5%          3
 Summon Guardian Golem    Hex/Summ       20%        N/A       6%          3
 Gell's Gravitas          Tloc           9%         N/A       7%          3
 Ignite Poison            Fire/Tmut/Pois 19%        N/A       7%          3
 Lesser Beckoning         Tloc           19%        N/A       7%          3
 Teleport Other           Tloc           19%        N/A       7%          3
 Sticky Flame             Conj/Fire      22%        2d4       17%         4
 Passage of Golubria      Tloc           19%        N/A       22%         4
 Lightning Bolt           Conj/Air       11%        1d24      43%         5
 Manifold Assault         Tloc           19%        N/A       54%         5
 Silence                  Hex/Air        9%         N/A       54%         5
 Lehudib's Crystal Spear  Conj/Erth      11%        10d4      100%        8
 Maxwell's Capacitive Co  Air            9%         ∞         100%        8


Dungeon Overview and Level Annotations

Branches:
Dungeon (10/15)            Temple (1/1) D:4         Ossuary (visited)
 Bailey (visited)
   Lair: D:8-11         Orc: D:9-12

Altars:
Ashenzari
Cheibriados
Dithmenos
Elyvilon
Fedhas
Gozag
Hepliaklqana
Kikubaaqudgha
Makhleb
Nemelex Xobeh
Okawaru
Qazlal
Ru
Sif Muna
Trog
Uskayaw
Vehumet
Wu Jian
Xom
Yredelemnul
Zin
The Shining One

Shops:
D:6 (

Annotations:
D:7 2 runed translucent doors, dricus's ghost, novice GnWn


Innate Abilities, Weirdness & Mutations

You have very sharp teeth.
Your uncanny sense of smell can sniff out nearby items.
Your experience applies equally to all skills.


Message History

The wyvern is severely wounded.
The wyvern barely misses you. The wyvern closely misses you.
You slash the wyvern!
You kill the wyvern!
The orc warrior hits you with a +0 broad axe.
You barely miss the orc warrior.
The orc warrior hits you with a +0 broad axe!
You hit the orc warrior. Your bite misses the orc warrior.
The orc warrior is lightly wounded.
You block the orc warrior's attack.
You hit the orc warrior.
The orc warrior is moderately wounded.
You block the orc warrior's attack.
You hit the orc warrior.
The orc warrior is moderately wounded.
The orc warrior completely misses you.
The orc shouts!
You slash the orc warrior!
The orc warrior is severely wounded.
The orc warrior misses you.
You barely miss the orc warrior.
You bite the orc warrior, but do no damage.
The orc warrior is severely wounded.
The orc warrior hits you with a +0 broad axe!
You are too injured to fight recklessly!
You are too injured to fight recklessly!
You are too injured to fight recklessly!
You hit the orc warrior.
The orc warrior is almost dead.
The orc warrior hits you with a +0 broad axe!!
* * * LOW HITPOINT WARNING * * *
The orc warrior closely misses you.
An orc warrior comes into view. It is wielding a +0 dire flail.
The orc warrior shouts!
You hear a shout!
The orc warrior hits you with a +0 broad axe!
* * * LOW HITPOINT WARNING * * *
There is a stone staircase leading up, spattered with blood here.
The orc warrior hits you with a +0 broad axe!
You die...
Your body disappears without a glow.

#..8.....8...........
#....................
#.........(..........
#8....∩...)8.........
#..).)...............
#....................
#..8..o..8...#..####.
#....o8.....##..oo...
####@)......###.##Y..
#.[.....##*#o#...#
#o......###.o....#
#............#.#..
#........#..##.##.
#.......##.#*.Y.,.
#.......##.*#o.**.
#.......#*,,..***.
********#.#######*,..****.


You could see 2 orc warriors and an orc.

Vanquished Creatures
  Pikel (D:6)
  2 wyverns
  4 yaks
  Sigmund (D:2)
  2 steam dragons
  3 water moccasins
  5 orc warriors
  2 ice beasts
  2 sky beasts (D:7)
  A black bear (D:7)
  A necrophage (D:7)
  3 ogres
  2 centaurs
  4 lemures
  2 bullfrogs
  A gnoll sergeant (D:8)
  A scorpion (D:5)
  4 wights (D:8)
  4 killer bees (D:9)
  A howler monkey (D:6)
  A crimson imp (D:6)
  A lava snake (D:7)
  2 bullfrog zombies
  A centaur zombie (D:9)
  A jelly (D:4)
  7 orc priests
  2 hounds
  A centaur skeleton (D:5)
  2 iguanas
  9 orc wizards
  A hound skeleton (D:4)
  A mummy (Ossuary)
  Robin (D:2)
  6 gnolls
  A howler monkey skeleton (D:5)
  9 adders
  A shadow imp (D:6)
  A white imp (D:7)
  3 dart slugs
  44 orcs
  11 ball pythons
  6 endoplasms
  A giant cockroach (D:2)
  18 hobgoblins
  3 jackals (D:1)
  21 kobolds
  3 quokkas (D:4)
  5 bats
  3 frilled lizards
  9 goblins
  3 rats
224 creatures vanquished.

Vanquished Creatures (collateral kills)
  An acid dragon (D:8)
  6 orc warriors (Bailey)
  2 gnolls
  A goblin (D:4)
  2 jackals (D:4)
  A kobold (Bailey)
13 creatures vanquished.

Vanquished Creatures (others)
  Maurice (D:8)
  An ogre (D:5)
  73 fungi (D:8)
75 creatures vanquished.

Grand Total: 312 creatures vanquished

Notes
Turn   | Place    | Note
-------+----------+-------------------------------------------
     0 | D:1      | Astera the Gnoll Wanderer began the quest for the Orb.
     0 | D:1      | Astera set off with the following items: a +0 dagger, a +0
                  | robe, a scroll of teleportation; and the following spells
                  | available to memorise: Magic Dart, Summon Small Mammal,
                  | Call Imp, Call Canine Familiar, Conjure Flame, Summon
                  | Guardian Golem, Summon Lightning Spire
     0 | D:1      | Reached XP level 1. HP: 13/13 MP: 6/6
     9 | D:1      | Learned a level 1 spell: Magic Dart
    11 | D:1      | Learned a level 1 spell: Summon Small Mammal
   197 | D:1      | Reached XP level 2. HP: 17/19 MP: 7/7
   916 | D:1      | Reached XP level 3. HP: 25/25 MP: 6/9
  1056 | D:2      | Reached skill level 5 in Spellcasting
  1057 | D:2      | Noticed Robin
  1209 | D:2      | Reached skill level 1 in Invocations
  1285 | D:2      | Reached skill level 1 in Fighting
  1285 | D:2      | Reached skill level 1 in Short Blades
  1285 | D:2      | Reached skill level 1 in Long Blades
  1285 | D:2      | Reached skill level 1 in Axes
  1285 | D:2      | Reached skill level 1 in Maces & Flails
  1285 | D:2      | Reached skill level 1 in Polearms
  1285 | D:2      | Reached skill level 1 in Staves
  1285 | D:2      | Reached skill level 1 in Slings
  1285 | D:2      | Reached skill level 1 in Bows
  1285 | D:2      | Reached skill level 1 in Crossbows
  1285 | D:2      | Reached skill level 1 in Armour
  1285 | D:2      | Reached skill level 1 in Shields
  1285 | D:2      | Reached skill level 1 in Unarmed Combat
  1285 | D:2      | Reached skill level 1 in Evocations
  1432 | D:2      | Reached XP level 4. HP: 17/32 MP: 1/11
  2005 | D:2      | Reached skill level 1 in Hexes
  2005 | D:2      | Reached skill level 1 in Necromancy
  2005 | D:2      | Reached skill level 1 in Translocations
  2005 | D:2      | Reached skill level 1 in Transmutations
  2005 | D:2      | Reached skill level 1 in Fire Magic
  2005 | D:2      | Reached skill level 1 in Ice Magic
  2005 | D:2      | Reached skill level 1 in Air Magic
  2005 | D:2      | Reached skill level 1 in Earth Magic
  2005 | D:2      | Reached skill level 1 in Poison Magic
  2186 | D:2      | Killed Robin
  2593 | D:2      | Noticed Sigmund
  2799 | D:3      | Reached XP level 5. HP: 37/37 MP: 9/12
  3410 | D:4      | Learned a level 2 spell: Blink
  3621 | D:4      | Found a staircase to the Ecumenical Temple.
  3649 | Temple   | Entered the Ecumenical Temple
  3981 | D:4      | Noticed a +0 spear
  4018 | D:4      | Noticed a +0 falchion
  4018 | D:4      | Noticed a +0 dagger
  4019 | D:4      | Noticed a +0 short sword
  4020 | D:4      | Noticed a +0 short sword
  4020 | D:4      | Noticed a +0 dagger
  4022 | D:4      | Noticed a +0 spear
  4023 | D:4      | Noticed a +0 falchion
  4024 | D:4      | Found a hide-covered altar of Uskayaw.
  4091 | D:4      | Reached XP level 6. HP: 13/44 MP: 13/13
  4335 | D:4      | Found a radiant altar of Vehumet.
  4370 | D:4      | Found a blossoming altar of Fedhas.
  4833 | D:5      | Entered Level 5 of the Dungeon
  5025 | D:5      | Reached skill level 5 in Dodging
  5768 | D:5      | Reached XP level 7. HP: 50/50 MP: 15/15
  5883 | D:6      | Found a sand-covered staircase.
  5892 | Ossuary  | Entered an ossuary
  5936 | Ossuary  | HP: 1/50 [elf zombie (4)]
  6823 | D:2      | Killed Sigmund
  6824 | D:2      | Reached skill level 5 in Stealth
  7156 | D:6      | Found Iwoarphao's Antique Weapon Shop.
  7479 | D:6      | Reached XP level 8. HP: 57/57 MP: 12/16
  8233 | D:6      | Noticed Pikel
  9499 | D:6      | Found a burning altar of Makhleb.
  9594 | D:6      | HP: 1/58 [something/magic dart (8)]
 10289 | D:7      | Noticed a wyvern
 10471 | D:7      | Learned a level 2 spell: Call Imp
 10696 | D:7      | Killed a wyvern
 10697 | D:7      | Reached skill level 5 in Conjurations
 10697 | D:7      | Reached XP level 9. HP: 62/65 MP: 11/18
 10824 | D:7      | Reached skill level 5 in Throwing
 11348 | D:7      | Found a large runed translucent door.
 11348 | D:7      | Found a large runed translucent door.
 11352 | D:7      | Noticed dricus's ghost (novice GnWn)
 11753 | D:7      | Reached skill level 5 in Invocations
 11805 | D:7      | Found a sparkling altar of Nemelex Xobeh.
 12048 | D:8      | Noticed Maurice
 12127 | D:8      | Killed Maurice
 12848 | D:8      | Reached XP level 10. HP: 66/73 MP: 20/20
 13956 | D:8      | Found a sacrificial altar of Ru.
 13992 | D:8      | Reached skill level 5 in Fighting
 13992 | D:8      | Reached skill level 5 in Short Blades
 13992 | D:8      | Reached skill level 5 in Long Blades
 13992 | D:8      | Reached skill level 5 in Axes
 13992 | D:8      | Reached skill level 5 in Maces & Flails
 13992 | D:8      | Reached skill level 5 in Polearms
 13992 | D:8      | Reached skill level 5 in Staves
 13992 | D:8      | Reached skill level 5 in Slings
 13992 | D:8      | Reached skill level 5 in Bows
 13992 | D:8      | Reached skill level 5 in Crossbows
 13992 | D:8      | Reached skill level 5 in Armour
 13992 | D:8      | Reached skill level 5 in Shields
 13992 | D:8      | Reached skill level 5 in Unarmed Combat
 13992 | D:8      | Reached skill level 5 in Evocations
 14094 | D:8      | Found an opulent altar of Gozag.
 15024 | D:6      | Killed Pikel
 15313 | D:9      | Found a shimmering blue altar of Sif Muna.
 15355 | D:9      | Found a white marble altar of Elyvilon.
 15357 | D:9      | Found a glowing golden altar of the Shining One.
 15358 | D:9      | Found a glowing silver altar of Zin.
 15367 | D:9      | Became a worshipper of Elyvilon the Healer
 16245 | D:10     | Entered Level 10 of the Dungeon
 16312 | D:10     | Found a flagged portal.
 16712 | Bailey   | Entered a bailey
 16883 | Bailey   | Learned a level 2 spell: Static Discharge
 16888 | Bailey   | Learned a level 4 spell: Summon Lightning Spire
 16892 | Bailey   | Reached skill level 5 in Summonings
 17803 | D:6      | Bought a twisted demon blade for 580 gold pieces
 17803 | D:6      | Identified the +4 demon blade of Poverty {antimagic, Fly
                  | Dex+3} (You bought it in a shop on level 6 of the Dungeon)
 17853 | D:7      | Fell from the grace of Elyvilon
 17853 | D:7      | Became a worshipper of Nemelex Xobeh the Trickster
 18338 | D:10     | Noticed a two-headed ogre
 18838 | D:10     | Mangled by an orc warrior

Illustrated notes

Levels and vault maps discovered:
D:1:      beargit_arrival_greenhouse, layout_loops_ring
D:2:      layout_basic, kennysheep_another_room, uniq_robin, uniq_sigmund
D:3:      layout_loops_cross, minmay_misc_feat_enclosed
D:4:      layout_basic, mainiacjoe_overflow_brackets, nicolae_uskayaw_en_pointe,
          lemuel_coloured_pillars_altar, minmay_temple_entry_grid, serial_glass,
          glass_columns_a, glass_columns_c, minmay_strange_pillars,
          minmay_strange_pillars
D:5:      layout_cave_pools, lemuel_old_faithful
D:6:      layout_cave_pods, makhleb_grotto_becter, serial_shops,
          kennysheep_mini, nicolae_ossuary_entry_monument, chequers_mini_garden,
          uniq_pikel
D:7:      layout_basic, nemelex_diamond_rough_becter,
          ebering_ghost_disaster_area, supply_closet_lemuel, kennysheep_dice
D:8:      layout_basic, mainiacjoe_overflow_catch_the_wave, uniq_maurice
D:9:      layout_basic, good_gods_temple_1, mainiacjoe_overflow_catwalk
D:10:     layout_rooms, enter_bailey_6, special_room [special_room_orc]
Temple:   grunt_temple_mini_profane

Skill      XL: |  1  2  3  4  5  6  7  8  9 10 |
---------------+-------------------------------+-----
Summonings     | 2 3 4 5 |  5.2
Spellcasting   | 5 6 7 |  7.7
Invocations    | 1 2 3 4 5 6 |  6.2
Fighting       | 1 2 3 4 5 |  5.7
Short Blades   | 1 2 3 4 5 |  5.7
Long Blades    | 1 2 3 4 5 |  5.7
Axes           | 1 2 3 4 5 |  5.7
Maces & Flails | 1 2 3 4 5 |  5.7
Polearms       | 1 2 3 4 5 |  5.7
Staves         | 1 2 3 4 5 |  5.7
Slings         | 1 2 3 4 5 |  5.7
Bows           | 1 2 3 4 5 |  5.7
Crossbows      | 1 2 3 4 5 |  5.7
Armour         | 1 2 3 4 5 |  5.7
Shields        | 1 2 3 4 5 |  5.7
Unarmed Combat | 1 2 3 4 5 |  5.7
Evocations     | 1 2 3 4 5 |  5.7
Hexes          | 1 2 3 4 |  4.7
Necromancy     | 1 2 3 4 |  4.7
Translocations | 1 2 3 4 |  4.7
Transmutations | 1 2 3 4 |  4.7
Fire Magic     | 1 2 3 4 |  4.7
Ice Magic      | 1 2 3 4 |  4.7
Air Magic      | 1 2 3 4 |  4.7
Earth Magic    | 1 2 3 4 |  4.7
Poison Magic   | 1 2 3 4 |  4.7
Throwing       | 3 4 5 6 |  6.3
Conjurations   | 4 5 6 |  6.1
Dodging        | 5 6 7 |  7.4
Stealth        | 5 6 7 |  7.1

Action                   |  1- 3 |  4- 6 |  7- 9 | 10-12 || total
-------------------------+-------+-------+-------+-------++-------
Melee: Whip              |    55 |    65 |   176 |    37 ||   333
       Bite              |     5 |    16 |    35 |    27 ||    83
       Dagger            |       |    73 |   199 |   196 ||   468
       Punch             |       |     1 |     1 |       ||     2
       Demon blade       |       |       |       |    64 ||    64
       Staff             |       |       |       |     5 ||     5
Throw: Boomerang         |     2 |       |     2 |       ||     4
 Cast: Magic Dart        |    43 |   105 |    37 |   109 ||   294
       Summon Small Mamm |    18 |    17 |    34 |    14 ||    83
       Call Imp          |       |       |    33 |     9 ||    42
       Static Discharge  |       |       |       |     8 ||     8
       Summon Lightning  |       |       |       |     7 ||     7
  Use: Scroll            |       |     4 |     6 |     1 ||    11
       Potion            |       |       |     1 |     3 ||     4
 Stab: Sleeping          |     1 |     3 |     6 |     1 ||    11
       Distracted        |       |     1 |       |     3 ||     4
Armor: Robe              |    18 |    10 |       |       ||    28
       Leather armour    |       |    21 |    92 |    42 ||   155
Dodge: Dodged            |    35 |    95 |   167 |   173 ||   470
Block: Buckler           |       |       |    49 |    63 ||   112

Table legend: (Time is in decaauts)
 A = Elapsed time spent in this place.
 B = Non-inter-level travel time spent in this place.
 C = Inter-level travel time spent in this place.
 D = Time resting spent in this place.
 E = Time spent auto-exploring this place.
 F = Levels seen in this place.
 G = Mean time per level.
                   A        B        C        D        E       F      G
               +--------+--------+--------+--------+--------+-----+--------+
         Total |  18767 |  17311 |   1456 |   6193 |   5094 |  13 | 1443.6 |
       Dungeon |  17451 |  16017 |   1434 |   5912 |   4824 |  10 | 1745.1 |
        Temple |    282 |    260 |     22 |     18 |    185 |   1 |  282.0 |
       Ossuary |     54 |     54 |      0 |      0 |      0 |   1 |   54.0 |
        Bailey |    978 |    978 |      0 |    263 |     85 |   1 |  978.0 |
               +--------+--------+--------+--------+--------+-----+--------+

Top non-repeatable levels by time:
     D:8: 3016 daAuts
     D:6: 2555 daAuts
     D:5: 2171 daAuts
     D:7: 2117 daAuts
     D:2: 1935 daAuts
     D:4: 1760 daAuts
     D:9: 1656 daAuts
     D:1: 1069 daAuts
  Bailey: 978 daAuts
     D:3: 774 daAuts
    D:10: 392 daAuts
  Temple: 282 daAuts
 Ossuary: 54 daAuts
